 Dungeon Crawl Stone Soup version 0.31.0-7-gf635a9b802 (webtiles) character file.

Game seed: 12512467090317386775

263 sanka the Shooter (level 5, -4/45 HPs)
             Began as a Minotaur Hunter on Jan 23, 2024.
             Slain by a gnoll bouda
             ... wielding a +0 whip
              (8 damage)
             ... on level 3 of the Dungeon.
             The game lasted 00:03:13 (3056 turns).

sanka the Shooter (Minotaur Hunter)                 Turns: 3056, Time: 00:03:14

Health: -4/45      AC:  2    Str: 16    XL:     5   Next: 97%
Magic:  4/4        EV: 12    Int:  6    God:
Gold:   129        SH:  0    Dex: 15    Spells: 4/4 levels left

rFire   + . .        a - +0 shortbow
rCold   + . .        (shield currently unavailable)
rNeg    . . .        j - +0 robe
rPois   +            (helmet restricted)
rElec   +            (no cloak)
rCorr   +            (no gloves)
SInv    .            (no boots)
Will    .....        (no amulet)
Stlth   ++           (no ring)
HPRegen 0.27/turn    (no ring)
MPRegen 0.09/turn

%: no passive effects
@: lethally poisoned (-4 -> -7), resistant, weakened
A: horns 2, retaliatory headbutt
a: no special abilities


You were on level 3 of the Dungeon.
You visited 1 branch of the dungeon, and saw 4 of its levels.

You collected 129 gold pieces.


Innate Abilities, Weirdness & Mutations

You have a pair of horns on your head.
You reflexively headbutt those who attack you in melee.


   Skills:
 - Level 3.0 Fighting
 + Level 7.8 Ranged Weapons
 - Level 2.1 Dodging
 - Level 0.7 Stealth


You had 4 spell levels left.
You didn't know any spells.
Your spell library was empty.

Inventory:

Hand Weapons
 a - a +0 shortbow (weapon)
Armour
 j - a +0 robe (worn)
Wands
 c - a wand of paralysis (7)
Scrolls
 b - a scroll of butterflies
 d - 5 scrolls of identify {unknown}
 e - a scroll of poison {unknown}
 f - a scroll of amnesia {unknown}
 g - 2 scrolls of fog {unknown}
 h - a scroll of immolation {unknown}
 i - a scroll of enchant armour {unknown}
Potions
 l - a potion of curing {unknown}

Dungeon Overview and Level Annotations

Branches:
Dungeon (4/15)
 Temple: D:4-7

Altars:
Cheibriados
Makhleb

Annotations:
D:4 Robin

▒▒▒▒▒▒.▒▒ ▒▒▒▒▒▒▒▒▒▒▒
▒......▒ ▒.........▒
▒......▒▒ ▒.▒▒▒▒▒▒▒.▒
▒........ ▒.▒
▒▒▒.▒▒▒▒........ ▒(▒
▒>.............. ▒.▒
▒...▒▒▒▒........
▒.▒▒▒▒▒.▒.▒▒▒▒▒▒▒▒▒.▒▒
▒....Hg.▒......▒▒▒▒.▒▒
▒▒▒▒▒▒▒▒▒......'......
▒......▒▒▒▒▒▒▒
▒.....▒▒ ▒▒▒▒.▒▒
▒..▒▒▒▒▒▒▒▒
▒▒....▒.... ▒....'....
▒.8..'....


You could see a gnoll bouda.


Message History

You headbutt the scorpion.
It was a potion of heal wounds.
You feel very sick. The scorpion stings you.
* * * LOW HITPOINT WARNING * * *
You shoot an arrow. The arrow hits the scorpion!
You kill the scorpion!
You feel sick.
You shoot an arrow. The arrow hits the gnoll bouda.
The gnoll bouda is severely wounded.
You feel sick.
The gnoll bouda hits you with a +0 whip!
* * * LOW HITPOINT WARNING * * *
You shoot an arrow. The arrow hits the gnoll bouda.
The gnoll bouda is almost dead.
* * * LOW HITPOINT WARNING * * *
You feel sick.
The gnoll bouda mumbles some strange prayers to its god.
The gnoll bouda is healed somewhat.
Unknown command.
You shoot an arrow. The arrow hits the gnoll bouda.
The gnoll bouda is almost dead.
* * * LOW HITPOINT WARNING * * *
You feel sick.
The gnoll bouda hits you with a +0 whip!
You die...

Action                     |  1- 3 |  4- 6 || total
---------------------------+-------+-------++-------
   Fire: Shortbow          |    95 |   107 ||   202
    Use: Potion            |       |     2 ||     2
 Armour: Leather armour    |    15 |       ||    15
         Robe              |    13 |    35 ||    48
  Dodge: Dodged            |    34 |    27 ||    61

Levels and vault maps discovered:
D:1:      kennysheep_arrival_seaside, layout_loops_cross
D:2:      layout_rooms, chequers_arboretum
D:3:      layout_basic, makhleb_altar_promises_db, slow_altar_2,
          nicolae_ecumenical_oubliette, minmay_ruptured
D:4:      layout_cave_pools, kennysheep_mini_moat, xom_teletrap_fun,
          minmay_misc_feat_rows, mrwooster_statue_mirror, uniq_robin

Notes
Turn   | Place    | Note
-------+----------+-------------------------------------------
     0 | D:1      | sanka the Minotaur Hunter began the quest for the Orb.
     0 | D:1      | Reached XP level 1. HP: 18/18 MP: 0/0
   394 | D:1      | Reached skill level 3 in Fighting
   394 | D:1      | Reached XP level 2. HP: 22/26 MP: 1/1
   496 | D:1      | Reached skill level 5 in Ranged Weapons
   987 | D:1      | HP: 1/26 [gnoll/+0 flail (5)]
   992 | D:1      | Reached XP level 3. HP: 2/31 MP: 2/2
  1415 | D:2      | Reached skill level 6 in Ranged Weapons
  1415 | D:2      | Reached XP level 4. HP: 38/38 MP: 3/3
  1729 | D:3      | Found a faded altar of an unknown god.
  2274 | D:3      | Found a snail-covered altar of Cheibriados.
  2282 | D:3      | Reached XP level 5. HP: 45/45 MP: 4/4
  2394 | D:3      | Reached skill level 7 in Ranged Weapons
  2660 | D:3      | Found a burning altar of Makhleb.
  2662 | D:3      | Noticed a blizzard demon
  2697 | D:4      | Noticed Robin
  3051 | D:3      | Identified a potion of resistance
  3055 | D:3      | HP: 4/45 [poisoned by a scorpion]
  3056 | D:3      | Slain by a gnoll bouda

Vanquished Creatures
  A scorpion (D:3)
  2 bombardier beetles (D:3)
  6 gnolls
  2 adders (D:2)
  2 dart slugs
  A ribbon worm (D:4)
  4 bats
  6 endoplasms
  2 giant cockroaches
  4 goblins
  3 hobgoblins
  2 jackals (D:1)
  4 kobolds
  3 quokkas
  3 ball pythons
  3 frilled lizards
  5 rats
53 creatures vanquished.
